 Dungeon Crawl Stone Soup version 0.20-a0-947-g2784f4f (webtiles) character file.

479 Alarkh the Slasher (level 6, 47/47 HPs)
             Began as a Demonspawn Fighter on Apr 2, 2017.
             Quit the game on level 4 of the Dungeon on Apr 3, 2017.
             The game lasted 00:04:00 (3572 turns).

Alarkh the Slasher (Demonspawn Fighter)             Turns: 3572, Time: 00:04:00

Health: 47/47      AC: 12    Str: 16    XL:     6   Next: 86%
Magic:  6/6        EV:  1    Int: 12    God:
Gold:   199        SH:  8    Dex: 12    Spells: 5/5 levels left

rFire    . . .     SeeInvis .   a - +0 long sword
rCold    . . .     Gourm    .   c - +0 shield
rNeg     . . .     Faith    .   b - +1 scale mail
rPois    .         Spirit   .   (helmet restricted)
rElec    .         Reflect  .   C - +1 cloak
rCorr    .         Harm     .   (no gloves)
MR       .....                  q - +2 pair of boots
Stlth    ..........             y - amulet of magic regeneration
Regen    0.2/turn               t - -5 ring of evasion (curse)
MPRegen  0.2/turn               (no ring)

@: no status effects
A: antennae 1, powered by death 2, rot immunity
a: no special abilities


You were on level 4 of the Dungeon.
You were not hungry.

You visited 1 branch of the dungeon, and saw 5 of its levels.

You collected 199 gold pieces.

Inventory:

Hand Weapons
 a - a +0 long sword (weapon)
Armour
 b - a +1 scale mail (worn)
 c - a +0 shield (worn)
 q - a +2 pair of boots (worn)
 C - a +1 cloak (worn)
Jewellery
 p - an uncursed ring of ice
 t - a cursed -5 ring of evasion (left hand)
 y - an amulet of magic regeneration (around neck)
Wands
 D - a wand of confusion (28/48)
Scrolls
 e - a scroll of identify
 h - 2 scrolls of teleportation
 j - a scroll of enchant weapon
 l - 2 scrolls of recharging
 o - 2 scrolls of random uselessness {unknown}
 r - a scroll of remove curse {unknown}
 u - 2 scrolls of noise {unknown}
 v - a scroll of magic mapping {unknown}
 x - a scroll of fog {unknown}
Potions
 d - a potion of might
 g - 2 potions of curing {unknown}
 i - 2 potions of heal wounds
 k - a potion of cancellation
 m - a potion of agility {unknown}
 w - a potion of magic
 B - 4 potions of haste {unknown}
Comestibles
 f - 4 bread rations
 n - a royal jelly
 s - 5 fruits
 z - a meat ration


   Skills:
 - Level 3.0 Fighting
 * Level 6.8 Long Blades
 - Level 2.6 Armour
 - Level 2.6 Shields


You had 5 spell levels left.
You didn't know any spells.

Dungeon Overview and Level Annotations

Branches:
Dungeon (5/15)
 Temple: D:4-7

Altars:
Elyvilon
Hepliaklqana
Nemelex Xobeh
Trog
Uskayaw
Zin
The Shining One


Innate Abilities, Weirdness & Mutations

You have a pair of small antennae on your head.
You regenerate health from kills.
You are immune to rotting.


Message History

Done exploring.
Done exploring.
As you read the scroll labeled OVYF DERYETO, it crumbles to dust.
It is a scroll of identify.
j - a scroll of enchant weapon The amulet hums as it attunes itself to your energized body.
y - an amulet of magic regeneration (around neck) Adjust (i)tems, (s)pells, or (a)bilities?
Adjust which item? (? for menu, Esc to quit)
C - 2 scrolls of identify Adjust to which letter? (? for menu, Esc to quit)
e - 2 scrolls of identify;
C - a +1 cloak (worn)
As you read the scroll of identify, it crumbles to dust.
k - a potion of cancellation Saving game... please wait.
Welcome back, Alarkh the Demonspawn Fighter.
Press ? for a list of commands and other information.
Unknown command.
Done exploring.
Are you sure you want to abandon this character and quit the game? (Confirm with "yes".)

#####.##.##.##..######....##..
#..##'##+##.##..##.###....##..
#..'......#......#........##..
##..#......#......#............
#...#......'......#............
##..##....##...#..#.....#####..
#####....##'###########...##..
#...........# #....####
#.........@.# #.....#
#.....(.....# #.....#
##..######.## ##...## #### ###
#####


There were no monsters in sight!

Vanquished Creatures
  A phantom (D:4)
  A bullfrog (D:4)
  A scorpion (D:4)
  A howler monkey (D:4)
  A hound (D:5)
  A gnoll shaman (D:4)
  A worker ant (D:3)
  Robin (D:3)
  4 adders
  4 gnolls
  2 worms
  2 dart slugs (D:2)
  A leopard gecko (D:2)
  2 giant cockroaches (D:2)
  10 goblins
  3 hobgoblins (D:2)
  11 kobolds
  2 quokkas (D:2)
  A ball python (D:3)
  5 bats
  4 frilled lizards
  A leopard gecko skeleton (D:4)
  A quokka skeleton (D:4)
  7 rats
68 creatures vanquished.

Notes
Turn   | Place    | Note
-------+----------+-------------------------------------------
     0 | D:1      | Alarkh the Demonspawn Fighter began the quest for the Orb.
     0 | D:1      | Reached XP level 1. HP: 18/18 MP: 1/1
    78 | D:1      | Reached skill level 2 in Long Blades
   633 | D:1      | Gained mutation: You regenerate a little health from kills. [demonic ancestry]
   633 | D:1      | Reached XP level 2. HP: 24/24 MP: 2/2
   877 | D:2      | Found a hazy altar of Hepliaklqana.
   912 | D:2      | Noticed a dagger
   912 | D:2      | Noticed a hand axe
   924 | D:2      | Reached skill level 3 in Long Blades
   943 | D:2      | Found a hide-covered altar of Uskayaw.
  1078 | D:2      | Gained mutation: You have a pair of small antennae on your head. [demonic ancestry]
  1078 | D:2      | Reached XP level 3. HP: 28/29 MP: 3/3
  1758 | D:3      | Found a sparkling altar of Nemelex Xobeh.
  1869 | D:3      | Reached skill level 4 in Long Blades
  1869 | D:3      | Gained mutation: You are immune to rotting. [demonic ancestry]
  1869 | D:3      | Reached XP level 4. HP: 18/35 MP: 4/4
  2048 | D:3      | Found a bloodstained altar of Trog.
  2307 | D:3      | Noticed Robin
  2331 | D:3      | Killed Robin
  2703 | D:4      | Reached XP level 5. HP: 36/41 MP: 5/5
  2837 | D:4      | Reached skill level 5 in Long Blades
  2868 | D:5      | Entered Level 5 of the Dungeon
  2919 | D:5      | Gained mutation: You regenerate health from kills. [demonic ancestry]
  2919 | D:5      | Reached XP level 6. HP: 33/47 MP: 6/6
  3065 | D:4      | Reached skill level 6 in Long Blades
  3136 | D:4      | Found a glowing golden altar of the Shining One.
  3136 | D:4      | Found a white marble altar of Elyvilon.
  3136 | D:4      | Found a glowing silver altar of Zin.
  3572 | D:4      | Quit the game

Vault maps used:
D:1:      scummos_arrival_simple_crosswalls, minmay_crystal_room,
          hangedman_decor_points, kennysheep_boxes
D:2:      lemuel_crystal_altar, dancing_weapons_uskayaw, first_bread
D:3:      overflow_temple_1_default, bloody_trog, minmay_misc_feat_enclosed,
          uniq_robin
D:4:      good_gods_mini_temple
D:5:      xom_redecorated, uniq_blork_the_orc

Skill      XL: |  1  2  3  4  5  6 |
---------------+-------------------+-----
Long Blades    | 2 3 4 5 6 |  6.8
Fighting       | |  3.0
Armour         | |  2.6
Shields        | |  2.6

Action                   |  1- 3 |  4- 6 || total
-------------------------+-------+-------++-------
Melee: Long sword        |   131 |   191 ||   322
  Use: Scroll            |     5 |     2 ||     7
       Potion            |       |     4 ||     4
  Eat: Chunk             |     3 |     6 ||     9
Armor: Scale mail        |    73 |   151 ||   224
Dodge: Dodged            |    49 |    13 ||    62
Block: Shield            |    75 |   110 ||   185
       Rpst.: Long sword |    16 |     4 ||    20
